 Dungeon Crawl Stone Soup version 0.28-a0-730-g892d06dc2c (webtiles) character file.

Game seed: 1724168673130805123

3537 ytrimaz the Cleaver (level 10, -2/77 HPs)
             Began as a Formicid Fighter on Oct 28, 2021.
             Was an Initiate of Cheibriados.
             Slain by Joseph (19 damage)
             ... on level 8 of the Dungeon.
             The game lasted 00:09:03 (9599 turns).

ytrimaz the Cleaver (Formicid Fighter)              Turns: 9599, Time: 00:09:05

Health: -2/77      AC: 10    Str: 25    XL:     10   Next: 29%
Magic:  13/15      EV:  8    Int: 15    God:    Cheibriados [......]
Gold:   32         SH: 10    Dex: 11    Spells: 9/9 levels left

rFire   . . .      SeeInvis +   a - +0 war axe (vorpal)
rCold   . . .      Faith    .   x - +1 kite shield of Famnij {Will+ Int+6}
rNeg    . . .      Spirit   .   b - +0 scale mail
rPois   .          Reflect  .   (helmet unavailable)
rElec   .          Harm     .   (no cloak)
rCorr   .          Rampage  .   k - +1 pair of gloves
Will    ++...                   (no boots)
Stlth   ..........              (no amulet)
HPRegen 0.22/turn               (no ring)
MPRegen 0.14/turn               (no ring)

@: very slow
A: permanent stasis, dig shafts and tunnels, antennae 3, four strong arms
a: Dig, Shaft Self, Renounce Religion, Bend Time


You were on level 8 of the Dungeon.
You worshipped Cheibriados.
Cheibriados was noncommittal.
You visited 2 branches of the dungeon, and saw 9 of its levels.

You collected 357 gold pieces.
You spent 325 gold pieces at shops.

Inventory:

Hand Weapons
 a - a +0 vorpal war axe (weapon)
Armour
 b - a +0 scale mail (worn)
 c - a +0 buckler
 k - a +1 pair of gloves (worn)
 x - the +1 kite shield of Famnij (worn) {Will+ Int+6}
   (You bought it in a shop on level 7 of the Dungeon)

   Int:       It affects your intelligence (+6).
   Will:      It increases your willpower.
Wands
 p - a wand of flame (25)
 t - a wand of iceblast (11)
 v - a wand of acid (7)
Scrolls
 g - 2 scrolls of enchant armour
 i - a scroll of identify
 j - 2 scrolls of enchant weapon
 l - a scroll of fog
 n - a scroll of immolation
 w - a scroll of fear {unknown}
Potions
 d - 2 potions of might
 e - 2 potions of attraction
 f - a potion of haste {unknown}
 h - 2 potions of curing
 m - a potion of invisibility {unknown}
 o - a potion of lignification {unknown}
 q - 3 potions of degeneration {unknown}
 s - a potion of ambrosia {unknown}
 u - a potion of flight {unknown}


   Skills:
 + Level 6.9 Fighting
 + Level 9.2 Axes
 + Level 7.9 Armour
 * Level 5.3 Shields
 * Level 6.8 Invocations


You had 9 spell levels left.
You didn't know any spells.
Your spell library contained the following spells:

 Spells                   Type           Power      Damage    Failure   Level
 Animate Skeleton         Necr           0%         N/A       77%         1
 Apportation              Tloc           0%         N/A       77%         1
 Summon Small Mammal      Summ           0%         N/A       77%         1
 Ensorcelled Hibernation  Hex/Ice        0%         N/A       88%         2
 Tukima's Dance           Hex            0%         N/A       98%         3


Dungeon Overview and Level Annotations

Branches:
Dungeon (8/15)             Temple (1/1) D:4
   Lair: D:8-11

Altars:
Ashenzari
Cheibriados
Dithmenos
Elyvilon
Fedhas
Gozag
Hepliaklqana
Kikubaaqudgha
Makhleb
Nemelex Xobeh
Okawaru
Qazlal
Ru
Sif Muna
Trog
Uskayaw
Vehumet
Wu Jian
Xom
Yredelemnul
Zin
The Shining One

Shops:
D:7 [?

Annotations:
D:8 Grum, Joseph


Innate Abilities, Weirdness & Mutations

You cannot be hasted, slowed, berserked, paralysed or teleported.
You can dig through walls and to a lower floor.
You have a pair of large antennae on your head. (SInv)
Your four strong arms can wield two-handed weapons with a shield.


Message History

You miss the wolf. The wolf misses you. The wolf bites you but does no damage.
You slash the wolf!
The wolf is moderately wounded.
The wolf closely misses you. The wolf bites you!
You barely miss the wolf.
The wolf is moderately wounded.
You block the wolf's attack.
Joseph shouts, "At last, some action!"
The wolf bites you but does no damage. The flow of time bends around you.
Cheibriados rebukes Joseph.
Joseph seems to slow down.
Cheibriados rebukes the wolf.
The wolf seems to slow down.
Cheibriados will no longer slow the effects of poison on you.
Cheibriados lowers the support of your attributes as your movement quickens.
The wolf barely misses you.
You closely miss Joseph. You hit the wolf but do no damage. The wolf bites you.
Joseph unwields a +0 hunting sling.
Joseph wields a +4 spectral quarterstaff.
Joseph hits you with a +4 spectral quarterstaff!
You block the wolf's attack.
Unknown command.
You barely miss Joseph. You miss the wolf. You block the wolf's attack.
You completely miss Joseph. You closely miss the wolf.
The wolf bites you but does no damage.
Joseph hits you with a +4 spectral quarterstaff!
You hit Joseph but do no damage. You hit the wolf. The wolf barely misses you.
You block Joseph's attack.
Unknown command.
You closely miss Joseph. You closely miss the wolf.
Joseph is no longer moving slowly.
The wolf bites you. x2
You slash Joseph!
Joseph is moderately wounded.
You barely miss the wolf.
Joseph hits you with a +4 spectral quarterstaff!!
* * * LOW HITPOINT WARNING * * *
You block the wolf's attack.
Joseph hits you with a +4 spectral quarterstaff!!
You die...

######## #............
#......# +............
#.<....# #............
#...... #..........(. #.....#
#............
#####.....###+########.......
......@....'.........#.......
...........#h@.......'.(.....
...........#@........#)......
...........#..÷(.....#.......
'####.....###<÷÷##...#.......
#####'###.÷.######.......
...#....##...#.......
...#.........#.......
....#.........#.......
#.........#.......
#....#....#.......


You could see Joseph and a wolf (slow).

Vanquished Creatures
  A two-headed ogre (D:8)
  Maurice (D:8)
  2 vampire mosquitoes (D:7)
  A sky beast (D:8)
  2 ice beasts
  3 necrophages
  3 centaurs
  2 ogres (D:5)
  A wolf (D:8)
  2 phantoms
  2 bullfrogs
  A scorpion (D:5)
  8 howler monkeys
  2 centaur zombies
  2 bullfrog zombies (D:5)
  3 hounds
  A jelly (D:7)
  A bullfrog skeleton (D:7)
  2 centaur skeletons
  An orc wizard (D:6)
  A hound zombie (D:5)
  2 hound skeletons
  A howler monkey zombie (D:6)
  7 adders
  4 gnolls
  A shadow imp (D:7)
  A white imp (D:6)
  An ufetubus (D:4)
  An adder skeleton (D:4)
  2 worms
  9 dart slugs
  8 orcs
  6 endoplasms
  6 giant cockroaches
  9 goblins
  10 hobgoblins
  11 jackals
  4 quokkas
  7 ball pythons
  3 bats (D:1)
  6 frilled lizards
  9 kobolds
  6 rats
156 creatures vanquished.

Vanquished Creatures (others)
  A wolf (D:8)
1 creature vanquished.

Grand Total: 157 creatures vanquished

Notes
Turn   | Place    | Note
-------+----------+-------------------------------------------
     0 | D:1      | ytrimaz the Formicid Fighter began the quest for the Orb.
     0 | D:1      | Reached XP level 1. HP: 18/18 MP: 1/1
   103 | D:1      | Reached XP level 2. HP: 24/24 MP: 2/2
   202 | D:1      | Found a faded altar of an unknown god.
   359 | D:1      | Reached XP level 3. HP: 28/28 MP: 3/3
   807 | D:1      | Reached XP level 4. HP: 37/37 MP: 4/4
  1205 | D:2      | Reached skill level 3 in Axes
  2356 | D:3      | Reached XP level 5. HP: 42/42 MP: 5/5
  3167 | D:3      | Found a snail-covered altar of Cheibriados.
  3179 | D:3      | Became a worshipper of Cheibriados the Contemplative
  3284 | D:3      | Found a hide-covered altar of Uskayaw.
  3421 | D:3      | Found a radiant altar of Vehumet.
  3476 | D:3      | Reached skill level 4 in Axes
  3485 | D:3      | Found a bloodstained altar of Trog.
  3615 | D:4      | Noticed a necrophage
  3638 | D:4      | Killed a necrophage
  3639 | D:4      | Reached skill level 1 in Invocations
  3639 | D:4      | Reached XP level 6. HP: 36/49 MP: 3/6
  3763 | D:4      | Found a staircase to the Ecumenical Temple.
  4038 | D:4      | Reached skill level 5 in Armour
  4091 | D:4      | Found an opulent altar of Gozag.
  4182 | D:4      | Found a broken altar of Ashenzari.
  4568 | D:4      | Reached XP level 7. HP: 50/55 MP: 2/8
  4809 | Temple   | Entered the Ecumenical Temple
  5062 | D:5      | Entered Level 5 of the Dungeon
  5072 | D:5      | Reached skill level 5 in Axes
  5407 | D:5      | Reached skill level 5 in Fighting
  5520 | D:5      | Reached XP level 8. HP: 39/62 MP: 3/10
  5526 | D:5      | Reached skill level 6 in Axes
  6213 | D:6      | Found a burning altar of Makhleb.
  6293 | D:6      | Found a glowing golden altar of the Shining One.
  6589 | D:6      | Found an ancient bone altar of Kikubaaqudgha.
  6739 | D:6      | Reached skill level 7 in Axes
  7166 | D:6      | Identified the +1 leather armour "Yntuzor" {Harm rC+ Str+3
                  | Int+3}
  7211 | D:7      | Found Okepaf's Magic Scroll Shop.
  7351 | D:7      | Bought a scroll of identify for 26 gold pieces
  7351 | D:7      | Bought a scroll of identify for 26 gold pieces
  7351 | D:7      | Bought a scroll of identify for 26 gold pieces
  7389 | D:7      | Reached XP level 9. HP: 57/69 MP: 12/12
  7458 | D:7      | Reached skill level 5 in Invocations
  7472 | D:7      | Found a glowing silver altar of Zin.
  7531 | D:7      | Found Kidghoz's Antique Armour Shop.
  7747 | D:7      | Reached skill level 8 in Axes
  8261 | D:7      | Found a shimmering blue altar of Sif Muna.
  8434 | D:7      | Bought an encrusted kite shield for 247 gold pieces
  8434 | D:7      | Identified the +1 kite shield of Famnij {Will+ Int+6} (You
                  | bought it in a shop on level 7 of the Dungeon)
  8597 | D:8      | Noticed Maurice
  8602 | D:8      | Noticed a two-headed ogre
  8607 | D:8      | Killed Maurice
  8612 | D:8      | Killed a two-headed ogre
  8613 | D:8      | Reached skill level 9 in Axes
  8613 | D:8      | Reached XP level 10. HP: 19/77 MP: 10/14
  9003 | D:8      | Reached * piety under Cheibriados
  9004 | D:8      | Reached skill level 5 in Shields
  9006 | D:8      | Noticed Grum
  9006 | D:8      | Noticed Joseph
  9599 | D:8      | Slain by Joseph

Illustrated notes

Levels and vault maps discovered:
D:1:      dpeg_arrival_oval, layout_loops_ring,
          chequers_ecumenical_altar_simple, solitary_fountain
D:2:      layout_loops_corners
D:3:      layout_loops_ring, old_standard_altar, cheibrodos_worm_habitat,
          mainiacjoe_overflow_two_lobes
D:4:      minmay_evil_eye, layout_cave_pods, mainiacjoe_overflow_boulevard,
          kennysheep_little_box, minmay_temple_entry_grid
D:5:      layout_basic
D:6:      corexii_shack_village, layout_loops_ring, makhleb_blood_cavern_becter,
          old_standard_altar, mainiacjoe_overflow_24_doors,
          hangedman_decor_diamond_cutter, amcnicky_mini_pool_small,
          chequers_serial_rivers_marsh
D:7:      layout_loops_ring, lemuel_coloured_pillars_altar, zin_academy,
          serial_shops, nicolae_shop_behind_doors, shop
D:8:      layout_gridville, small_statue_intersection, minmay_misc_feat_five,
          uniq_grum, uniq_joseph, uniq_maurice
Temple:   minmay_temple_curvy_loop

Skill      XL: |  1  2  3  4  5  6  7  8  9 10 |
---------------+-------------------------------+-----
Armour         | 4 5 6 7 |  7.9
Fighting       | 4 5 6 |  6.9
Axes           | 3 4 5 7 9 |  9.2
Invocations    | 1 3 4 6 |  6.8
Shields        | 4 5 |  5.3

Action                   |  1- 3 |  4- 6 |  7- 9 | 10-12 || total
-------------------------+-------+-------+-------+-------++-------
Melee: War axe           |    78 |   246 |   221 |    20 ||   565
Invok: Bend Time         |       |     8 |    13 |     2 ||    23
 Abil: Dig               |     1 |     2 |       |       ||     3
Evoke: Wand              |       |       |     5 |       ||     5
  Use: Scroll            |     1 |     3 |     7 |       ||    11
       Potion            |       |       |     2 |       ||     2
Armor: Scale mail        |    54 |   119 |   120 |    24 ||   317
Dodge: Dodged            |    65 |   114 |   120 |    28 ||   327
Block: Buckler           |    31 |    51 |    45 |       ||   127
       Kite shield       |       |       |    17 |    33 ||    50

Table legend: (Time is in decaauts)
 A = Elapsed time spent in this place.
 B = Non-inter-level travel time spent in this place.
 C = Inter-level travel time spent in this place.
 D = Time resting spent in this place.
 E = Time spent auto-exploring this place.
 F = Levels seen in this place.
 G = Mean time per level.
                   A        B        C        D        E       F      G
               +--------+--------+--------+--------+--------+-----+--------+
         Total |  10786 |  10335 |    451 |   1452 |   7224 |   9 | 1198.4 |
       Dungeon |  10502 |  10079 |    423 |   1452 |   6976 |   8 | 1312.8 |
        Temple |    283 |    255 |     28 |      0 |    247 |   1 |  283.0 |
               +--------+--------+--------+--------+--------+-----+--------+

Top non-repeatable levels by time:
     D:7: 2395 daAuts
     D:3: 1499 daAuts
     D:4: 1482 daAuts
     D:5: 1306 daAuts
     D:2: 1251 daAuts
     D:6: 1227 daAuts
     D:1: 1025 daAuts
     D:8: 314 daAuts
  Temple: 283 daAuts
